 Dungeon Crawl Stone Soup version 0.29.0-15-g675c0067aa (webtiles) character file.

Game seed: 17023804970142967949

34032 libidonplus the Spry (level 13, -20/83 HPs)
             Began as a Felid Summoner on Sept 4, 2022.
             Was an Initiate of Gozag.
             Killed from afar by Nikola (31 damage)
             ... with an arc of chain lightning
             ... on level 1 of the Swamp on Sept 11, 2022.
             The game lasted 07:47:49 (38894 turns).

libidonplus the Spry (Felid Summoner)              Turns: 38894, Time: 07:47:50

Health: -20/83     AC: 27    Str:  3    XL:     13   Next: 40%
Magic:  12/25      EV: 36    Int: 30    God:    Gozag
Gold:   3188       SH:  0    Dex: 26    Spells: 3/32 levels left
                                        Lives:  0   Deaths: 4

rFire   . . .      SeeInvis +   (weapon unavailable)
rCold   . . .      Faith    .   (shield unavailable)
rNeg    + . .      Spirit   .   (body armour unavailable)
rPois   ∞          Reflect  .   (helmet unavailable)
rElec   +          Harm     .   (cloak unavailable)
rCorr   .          Rampage  .   (gloves unavailable)
Will    ++...      Clarity  +   (boots unavailable)
Stlth   +++.......              k - amulet of magic regeneration
HPRegen 0.23/turn               I - ring of Bodghapo {Will+ Int+7 Dex+5 Slay+3}
MPRegen 0.59/turn               E - ring of wizardry

@: statue-form, very slow
A: slow and powerful, torment resistance 1, boosted hp, very small, claws 1,
fangs 3, see invisible, (speed 1), (shaggy fur 3), stealthy paws, no weapons or
thrown items, no armour, multi-lived, agile 1, clarity, low MP 1
a: End Transformation, Renounce Religion, Potion Petition, Call Merchant, Bribe
Branch


You were on level 1 of the Swamp.
You worshipped Gozag.
Gozag was most pleased with you.
You were a living statue of rough stone.
You visited 5 branches of the dungeon, and saw 24 of its levels.
You also visited: Sewer and Gauntlet.

You collected 8035 gold pieces.
You spent 1866 gold pieces at shops.
You paid 2981 gold pieces to Gozag.

Inventory:

Jewellery
 d - a ring of fire
 e - a ring of poison resistance
 k - an amulet of magic regeneration (around neck)
 r - a ring of flight
 t - a ring of magical power
 v - a ring of fire
 B - the ring of Tidoid {rF+ rN+ rCorr Str+2 Stlth+}
   (You bought it in a shop on level 1 of the Lair of Beasts)

   [ring of resist corrosion]

   Str:       It affects your strength (+2).
   rF:        It protects you from fire.
   rN:        It protects you from negative energy.
   rCorr:     It protects you from acid and corrosion.
   Stlth:     It makes you more stealthy.
 D - a ring of resist corrosion
 E - a ring of wizardry (right paw)
 G - a +4 ring of evasion
 I - the ring of Bodghapo (left paw) {Will+ Int+7 Dex+5 Slay+3}
   (You bought it in a shop on level 3 of the Lair of Beasts)

   [ring of willpower]

   Int:       It affects your intelligence (+7).
   Dex:       It affects your dexterity (+5).
   Slay:      It affects your accuracy & damage with ranged weapons and melee
   (+3).
   Will:      It increases your willpower.
 O - a ring of positive energy
 Q - an amulet of regeneration
 R - a ring of ice
Wands
 c - a wand of acid (18)
 m - a wand of mindburst (12)
 s - a wand of iceblast (20)
 u - a wand of paralysis (11)
 x - a wand of flame (27)
 F - a wand of polymorph (13)
 J - a wand of digging (13)
Scrolls
 f - 7 scrolls of teleportation
 g - 3 scrolls of blinking
 h - 2 scrolls of summoning
 i - 9 scrolls of identify
 q - 4 scrolls of poison
 w - 2 scrolls of enchant armour
 y - 2 scrolls of amnesia
 C - 5 scrolls of magic mapping
 L - 2 scrolls of fear
 M - 4 scrolls of butterflies
 N - 2 scrolls of immolation
Potions
 a - a potion of magic
 b - 8 potions of cancellation
 j - 8 potions of flight
 l - 4 potions of brilliance
 n - a potion of berserk rage
 o - 10 potions of curing
 p - 4 potions of haste
 z - a potion of might
 A - 4 potions of invisibility
 H - 3 potions of heal wounds
 K - a potion of ambrosia
 P - 2 potions of mutation


   Skills:
 - Level 12.1 Fighting
 - Level 16.1 Dodging
 - Level 2.6 Stealth
 - Level 10.0 Spellcasting
 - Level 8.0 Hexes
 - Level 12.5 Summonings
 - Level 5.0 Necromancy
 + Level 13.5 Transmutations
 - Level 9.2 Air Magic
 + Level 2.8 Earth Magic


You had 3 spell levels left.
You knew the following spells:

 Your Spells              Type           Power      Damage    Failure   Level
a - Statue Form           Tmut/Erth      39%        N/A       8%          6
c - Call Canine Familiar  Summ           74%        N/A       1%          3
d - Summon Guardian Gole  Hex/Summ       67%        N/A       1%          3
e - Summon Lightning Spi  Summ/Air       69%        N/A       1%          4
f - Summon Cactus Giant   Summ           37%        N/A       1%          6
g - Anguish               Hex/Necr       26%        N/A       1%          4
h - Tukima's Dance        Hex            58%        N/A       1%          3

Your spell library contained the following spells:

 Spells                   Type           Power      Damage    Failure   Level
 Beastly Appendage        Tmut           100%       N/A       0%          1
 Summon Small Mammal      Summ           100%       N/A       0%          1
 Wereblood                Tmut           77%        N/A       0%          2
 Magic Dart               Conj           60%        1d6       1%          1
 Sandblast                Erth           62%        2d14      1%          1
 Call Imp                 Summ           74%        N/A       1%          2
 Ensorcelled Hibernation  Hex/Ice        78%        N/A       1%          2
 Passwall                 Tmut/Erth      49%        N/A       1%          2
 Inner Flame              Hex/Fire       39%        N/A       1%          3
 Mephitic Cloud           Conj/Pois/Air  33%        N/A       1%          3
 Spider Form              Tmut/Pois      53%        N/A       1%          3
 Swiftness                Air            63%        N/A       1%          3
 Blink                    Tloc           30%        N/A       2%          2
 Scorch                   Fire           30%        2d7       2%          2
 Stone Arrow              Conj/Erth      46%        3d9       2%          3
 Cause Fear               Hex            29%        N/A       1%          4
 Leda's Liquefaction      Hex/Erth       23%        N/A       1%          4
 Petrify                  Tmut/Erth      59%        N/A       1%          4
 Blade Hands              Tmut           38%        N/A       1%          5
 Yara's Violent Unravell  Hex/Tmut       34%        3d14      1%          5
 Irradiate                Conj/Tmut      26%        3d20      2%          5
 Dragon Form              Tmut           38%        N/A       4%          7
 Freezing Cloud           Conj/Ice/Air   16%        6-21      11%         5
 Lee's Rapid Deconstruct  Erth           15%        3d11*     12%         5
 Storm Form               Tmut/Air       35%        N/A       12%         7
 Flame Wave               Conj/Fire      15%        2d7       14%         4
 Hailstorm                Conj/Ice       15%        3d5       14%         4
 Passage of Golubria      Tloc           15%        N/A       14%         4
 Conjure Ball Lightning   Conj/Air       21%        3x3d6     32%         6
 Manifold Assault         Tloc           15%        N/A       34%         5
 Iron Shot                Conj/Erth      11%        9d3       73%         6
 Discord                  Hex            29%        N/A       96%         8
 Lehudib's Crystal Spear  Conj/Erth      11%        10d4      100%        8
 Dragon's Call            Summ           37%        N/A       100%        9
 Polar Vortex             Ice            7%         N/A       100%        9
 Animate Armour           Summ/Erth      Unusable   N/A       N/A         4
 Simulacrum               Ice/Necr       Unusable   N/A       N/A         6

Dungeon Overview and Level Annotations

Branches:
Dungeon (15/15)            Temple (1/1) D:6            Lair (5/5) D:11
  Swamp (1/4) Lair:3       Spider (0/4) Lair:2        Slime (0/5) Lair:4
    Orc (2/2) D:11            Elf (0/3) Orc:2        Vaults (0/5) D:14
 Depths (0/4) D:15          Sewer (visited)         Gauntlet (visited)

Altars:
Ashenzari
Cheibriados
Dithmenos
Elyvilon
Fedhas
Gozag
Hepliaklqana
Kikubaaqudgha
Makhleb
Nemelex Xobeh
Okawaru
Qazlal
Ru
Sif Muna
Trog
Uskayaw
Vehumet
Wu Jian
Xom
Yredelemnul
Zin
The Shining One
Lugonu

Shops:
Orc:2 [*?=?(   Lair:1 =   Lair:3 =

Portals:
Abyss: Lair:5

Annotations:
D:4 1 runed translucent door, exclusions: door and downstairs, Prepator's ghost, amateur DjFE
D:6 3 runed translucent doors, exclusions: 3 doors and downstairs, knorpule3000's ghost, novice DrFE
D:8 exclusion: upstairs
D:14 1 runed translucent door, exclusion: door, Jaliuk's ghost, journeyman DECj
D:15 exclusion: upstairs
Lair:2 exclusion: downstairs
Swamp:1 Nikola


Innate Abilities, Weirdness & Mutations

You are a living statue of rough stone.
Your actions are slow, but your melee attacks are powerful.
You are resistant to unholy torment.
Your maximum health is greatly increased.
You are immune to poison.
You have sharp claws.
You have razor-sharp teeth.
You have supernaturally acute eyesight. (SInv)
((You cover ground quickly. (Speed+)))
((Your thick and shaggy fur keeps you warm. (AC +3, rC+)))
Your paws help you pounce on unaware monsters.
You are incapable of wielding weapons or throwing items.
You cannot wear armour.
You gain extra lives every three experience levels.
You are agile. (Dex +4, Str/Int -1)
You possess an exceptional clarity of mind.
Your magical capacity is low. (-10% MP)


Message History

Nikola hits your warg with a +1 rapier of electrocution.
Your warg bites Nikola. x2
Nikola hits your warg with a +1 rapier of electrocution.
Your cactus giant hits Nikola with a +0 giant spiked club!
Your warg bites Nikola!
Nikola mumbles some strange words.
Lightning arcs from Nikola's hands!
The bolt of lightning hits your guardian golem!!!
Your guardian golem resists.
Your guardian golem is destroyed!
Your guardian golem disappears in a puff of smoke!
A bolt of lightning appears from out of thin air!
The bolt of lightning hits Nikola.
The bolt of lightning hits your cactus giant!!!
The bolt of lightning hits your warg!!!
Your warg dies!
Your warg's corpse disappears in a puff of smoke!
The bolt of lightning hits you!! You resist.
Nikola mumbles some strange words.
Lightning arcs from Nikola's hands!
The bolt of lightning hits your cactus giant!!!!
The bolt of lightning hits Nikola.
The bolt of lightning hits you!! You resist.
* * * LOW HITPOINT WARNING * * *
You hear an angry squeal.
Casting: Anguish (mildly dangerous; 1% risk of failure)
Confirm with . or Enter, or press ? or * to list all spells.
A guardian golem appears, shielding your allies.
Nikola is struck by your cactus giant's spines.
Nikola hits your cactus giant with a +1 rapier of electrocution!
Lightning courses through your cactus giant!!
Your cactus giant barely misses Nikola.
Nikola mumbles some strange words.
Lightning arcs from Nikola's hands!
The bolt of lightning hits your cactus giant!!!
Your cactus giant is destroyed!
Your cactus giant disappears in a puff of smoke!
A bolt of lightning appears from out of thin air!
The bolt of lightning hits Nikola!
The bolt of lightning hits you!! You resist.
You die...
Your body crumbles into a pile of gold.

............~~..§..♣..~..
♣..~~§....~~~...~.~~~..
♣........~.....~..~~.~
♣~........~....~♣~~.♣♣
~...~.~(..~.♣~..♣♣~~~♣
~...~~~...~...~.♣.♣.♣
.♣...~.~....♣.~~.~.♣♣
♣♣$.≈.~.§§~~~♣~..~.~♣♣
.≈≈≈≈≈.....~♣$§.8.9.~♣
≈≈≈≈≈≈≈.~..~§@...~.~♣♣
$≈≈≈≈≈≈$..~~..♣♣.♣.♣♣
<.≈≈≈≈≈.♣...~♣ .~...♣
.≈≈≈≈≈≈.~.~.~ ♣~~~~♣♣
≈≈≈≈≈≈≈.~...♣ ♣♣..♣♣
≈≈≈≈≈≈...... ♣♣♣♣
.≈≈≈≈..♣♣♣.. .≈≈≈..♣♣


You could see Nikola (distracted, ally target) and a friendly guardian golem
(summoned).

Vanquished Creatures
  A bunyip (Lair:3)
  A hydra (Lair:3)
  A bog body (Lair:3)
  A bullfrog (D:6)
  2 orc priests
  A gnoll (D:5)
  An orc (D:10)
  A bat (Sewer)
  A rat (D:2)
10 creatures vanquished.

Vanquished Creatures (collateral kills)
  Rupert (D:13)
  Jorgrun (Orc:2)
  A sphinx (D:12)
  A fire giant (D:12)
  2 orc warlords (Orc:2)
  Aizul (Lair:3)
  Nessos (D:13)
  A dire elephant (D:15)
  Snorg (Orc:2)
  A yaktaur captain (D:14)
  A great orb of eyes (D:15)
  Harold (D:11)
  Erolcha (Orc:1)
  2 catoblepae
  10 hydras
  2 boulder beetles
  3 centaur warriors
  5 death yaks (Lair:2)
  3 two-headed ogres (Orc:2)
  A tengu warrior (D:14)
  4 orc high priests (Orc:2)
  3 thrashing horrors (Lair:5)
  Sonja (D:11)
  A goliath frog (Swamp:1)
  A spriggan druid (Swamp:1)
  5 orc knights
  A wizard (D:12)
  3 deep elf pyromancers
  3 ugly things
  3 will-o-the-wisps
  3 orc sorcerers
  3 wolf spiders
  4 cyclopes
  Maurice (D:11)
  3 manticores
  9 elephants
  8 cane toads
  2 gargoyles
  6 black mambas
  2 unseen horrors (D:12)
  A torpor snail (Lair:5)
  A cane toad (shapeshifter) (Lair:5)
  3 smoke demons (Lair:5)
  2 yaktaurs (D:14)
  2 kobold demonologists (D:12)
  3 rime drakes
  4 komodo dragons
  2 ancient zymes (Lair:5)
  A tengu conjurer (D:14)
  12 trolls
  4 hornets
  A tyrant leech (Swamp:1)
  A meliai (shapeshifter) (D:13)
  A blink frog (shapeshifter) (D:12)
  2 polar bears
  7 blink frogs (Lair:5)
  10 slime creatures
  A spriggan (shapeshifter) (D:12)
  4 spriggans
  A culicivora (shapeshifter) (Lair:5)
  A centaur simulacrum (D:12)
  A vampire (D:11)
  2 ynoxinuls (Lair:5)
  3 nameless horrors
  7 basilisks
  3 wyverns
  A human (shapeshifter) (D:12)
  45 yaks
  5 wraiths
  A chaos spawn (Lair:5)
  2 steam dragons
  3 vampire mosquitoes (D:13)
  6 wargs
  A redback (shapeshifter) (D:12)
  6 swamp worms
  2 acid dragons
  7 water moccasins
  2 sky beasts
  39 orc warriors
  A swamp drake (Swamp:1)
  3 ice beasts
  2 black bears
  A hornet zombie (D:7)
  4 wolves
  8 ogres
  4 centaurs
  9 small abominations (Lair:5)
  12 bullfrogs
  A necrophage (D:8)
  A wyvern zombie (D:7)
  A water moccasin zombie (D:7)
  4 scorpions
  12 wights
  An electric eel (D:12)
  A centaur zombie (D:7)
  4 jellies
  A hound (D:7)
  A gnoll bouda (D:6)
  27 orc priests
  19 orc wizards
  2 killer bee zombies (D:7)
  A howler monkey zombie (D:7)
  12 gnolls
  9 adders
  3 white imps
  2 ufetubi
  2 worms
  5 dart slugs
  99 orcs
  6 ball pythons
  5 endoplasms
  4 giant cockroaches
  5 goblins
  9 hobgoblins
  3 jackals (D:4)
  3 quokkas (D:1)
  11 bats
  2 frilled lizards
  11 kobolds
  3 rats
620 creatures vanquished.

Vanquished Creatures (others)
  A sphinx (D:12)
  An orc warlord (Orc:1)
  A bunyip (Swamp:1)
  A centaur warrior (D:14)
  3 hydras
  2 two-headed ogres (D:9)
  A spriggan (Swamp:1)
  A goliath frog (Swamp:1)
  A deep elf pyromancer (D:12)
  A wolf spider (Lair:2)
  A cyclops (D:12)
  2 elephants
  2 black mambas
  2 gargoyles (D:12)
  Maggie (D:7)
  A kobold demonologist (D:12)
  2 komodo dragons
  A troll (D:11)
  2 bloated husks (Swamp:1)
  2 hornets
  A blink frog (shapeshifter) (D:12)
  2 dancing weapons
  9 yaks
  2 steam dragons
  A basilisk (Lair:5)
  A hog (Swamp:1)
  2 swamp worms (Swamp:1)
  2 acid dragons
  7 orc warriors
  An ice beast (D:5)
  A black bear (D:6)
  A sky beast (D:7)
  A centaur (D:6)
  A water moccasin zombie (D:7)
  3 wights
  An orc priest (Orc:2)
  An orc wizard (D:6)
  A small abomination (Lair:5)
  2 orcs (Orc:1)
  38 foxfires
  44 fungi
  85 plants
  3 withered plants
239 creatures vanquished.

Grand Total: 869 creatures vanquished

Notes
Turn   | Place    | Note
-------+----------+-------------------------------------------
     0 | D:1      | libidonplus the Felid Summoner began the quest for the Orb.
     0 | D:1      | Reached XP level 1. HP: 7/7 MP: 4/4
   494 | D:1      | Reached XP level 2. HP: 11/11 MP: 3/6
   497 | D:1      | Learned a level 2 spell: Call Imp
  1578 | D:2      | Reached XP level 3. HP: 14/14 MP: 3/7
  1616 | D:1      | Learned a level 3 spell: Call Canine Familiar
  1778 | D:1      | Identified 3 scrolls of acquirement
  1778 | D:1      | Acquired the Lessons on Dynamic Grit
  1782 | D:1      | Acquired an amulet of magic regeneration
  1787 | D:1      | Acquired a ring of poison resistance
  1945 | D:2      | Found a faded altar of an unknown god.
  2054 | D:2      | Found a shimmering blue altar of Sif Muna.
  2712 | D:3      | Reached skill level 5 in Summonings
  2876 | D:3      | Reached XP level 4. HP: 18/18 MP: 9/9
  3985 | D:3      | Gained mutation: Your magical capacity is low. (-10% MP)
                  | [potion of mutation]
  3985 | D:3      | Gained mutation: You are agile. (Dex +4, Str/Int -1)
                  | [potion of mutation]
  3985 | D:3      | Gained mutation: You possess an exceptional clarity of
                  | mind. [potion of mutation]
  4058 | D:4      | Noticed a black bear
  4125 | D:4      | Killed a black bear
  4126 | D:4      | Reached XP level 5. HP: 21/21 MP: 10/10
  4140 | D:3      | Learned a level 3 spell: Summon Guardian Golem
  4241 | D:4      | Reached skill level 3 in Dodging
  4241 | D:4      | Reached skill level 1 in Hexes
  4251 | D:4      | Identified the +4 buckler of Rationality {rElec rN++ Str+4
                  | Slay-3}
  4275 | D:4      | Gained mutation: You are covered in thick fur. (AC +2)
                  | [Felid growth]
  4275 | D:4      | Reached XP level 6. HP: 25/25 MP: 9/11
  4524 | D:4      | Found a runed translucent door.
  4529 | D:4      | Noticed Prepator's ghost (amateur DjFE)
  5176 | D:4      | Identified the +1 leather armour of Fabulous Wonder {*Slow
                  | Dex+6}
  5310 | D:5      | Entered Level 5 of the Dungeon
  5365 | D:5      | Reached skill level 1 in Fighting
  5405 | D:5      | Found a glowing drain.
  5427 | Sewer    | Entered a sewer
  5456 | Sewer    | Noticed a water moccasin
  5506 | Sewer    | Killed a water moccasin
  6417 | D:5      | Noticed an orc warrior
  6463 | D:5      | Noticed an ice beast
  7415 | D:5      | Killed an ice beast
  7416 | D:5      | Reached skill level 4 in Dodging
  7416 | D:5      | Reached XP level 7. HP: 30/30 MP: 9/13
  7423 | D:5      | Learned a level 4 spell: Summon Lightning Spire
  7988 | D:6      | Reached skill level 5 in Dodging
  8030 | D:6      | Reached XP level 8. HP: 34/34 MP: 12/14
  8117 | D:6      | Reached skill level 5 in Spellcasting
  8258 | D:6      | Found a staircase to the Ecumenical Temple.
  8265 | Temple   | Entered the Ecumenical Temple
  8269 | Temple   | Became a worshipper of Gozag Ym Sagoz the Greedy
  8681 | D:5      | Reached skill level 5 in Hexes
  8681 | D:5      | Reached skill level 1 in Air Magic
  8986 | D:6      | Found a sacrificial altar of Ru.
  9567 | D:6      | Reached skill level 6 in Dodging
  9571 | D:6      | Found a sparkling altar of Nemelex Xobeh.
  9571 | D:6      | Found a bloodstained altar of Trog.
  9587 | D:6      | Found a runed translucent gate.
  9587 | D:6      | Found a runed translucent gate.
  9587 | D:6      | Found a runed translucent gate.
  9588 | D:6      | Noticed a kobold demonologist
  9590 | D:6      | Noticed knorpule3000's ghost (novice DrFE)
 10626 | D:6      | Killed from afar by an orc priest
 10627 | D:6      | Reached XP level 7. HP: -4/32 MP: 14/14
 10680 | D:6      | Reached XP level 8. HP: 29/36 MP: 12/15
 10962 | D:7      | Noticed Maggie
 11563 | D:6      | Reached skill level 7 in Dodging
 11863 | D:7      | Reached skill level 5 in Fighting
 12019 | D:7      | Reached XP level 9. HP: 40/40 MP: 17/17
 12036 | D:7      | Found a radiant altar of Vehumet.
 12477 | D:7      | Killed Maggie
 12540 | D:7      | Reached skill level 8 in Dodging
 15487 | D:8      | Reached XP level 10. HP: 45/45 MP: 19/19
 15878 | D:9      | Noticed a two-headed ogre
 15930 | D:9      | Killed a two-headed ogre
 15931 | D:9      | Reached skill level 9 in Dodging
 16086 | D:9      | Reached skill level 5 in Air Magic
 16135 | D:9      | Noticed a two-headed ogre
 16156 | D:9      | Killed a two-headed ogre
 16581 | D:8      | Identified the +4 short sword "Osuner" {freeze, Int+4
                  | Dex-3}
 16864 | D:9      | Found a shimmering altar of Xom.
 16915 | D:10     | Entered Level 10 of the Dungeon
 17097 | D:10     | Noticed a gargoyle
 18517 | D:9      | Killed a gargoyle
 19140 | D:10     | Reached skill level 10 in Dodging
 19257 | D:10     | Reached XP level 11. HP: 50/50 MP: 21/21
 19516 | D:11     | Noticed Maurice
 19527 | D:11     | Killed Maurice
 19835 | D:11     | Found a staircase to the Orcish Mines.
 19846 | D:11     | Noticed Harold
 19985 | D:11     | Killed Harold
 20085 | D:10     | Learned a level 6 spell: Summon Cactus Giant
 20235 | D:11     | Noticed Sonja
 20256 | D:11     | Killed Sonja
 20257 | D:11     | Reached skill level 10 in Summonings
 20369 | D:11     | Found a staircase to the Lair.
 20391 | D:11     | Reached skill level 11 in Dodging
 20516 | Lair:1   | Entered Level 1 of the Lair of Beasts
 20690 | Lair:1   | Found a gate leading to a gauntlet.
 20729 | Gauntlet | Entered a Gauntlet
 20729 | Gauntlet | Found a transporter.
 20729 | Gauntlet | Found a transporter.
 20730 | Gauntlet | Found a transporter.
 20750 | Gauntlet | Found a transporter.
 20760 | Gauntlet | Found a transporter.
 20764 | Gauntlet | Found a transporter.
 20775 | Gauntlet | Found the +1 cloak of Starlight {*Dazzle EV+4 Stlth--}
 20776 | Gauntlet | Found a transporter.
 20791 | Gauntlet | Noticed a catoblepas
 20797 | Gauntlet | Found a transporter.
 20802 | Gauntlet | Found a transporter.
 20804 | Gauntlet | Found a transporter.
 20804 | Gauntlet | Noticed a sixfirhy
 20806 | Gauntlet | Found a runed translucent gate.
 20806 | Gauntlet | Found a runed translucent gate.
 20806 | Gauntlet | Found a runed translucent gate.
 20807 | Gauntlet | Found a large runed translucent door.
 20807 | Gauntlet | Found a large runed translucent door.
 20808 | Gauntlet | Found a large runed translucent door.
 20808 | Gauntlet | Found a large runed translucent door.
 20809 | Gauntlet | Found a large runed translucent door.
 20809 | Gauntlet | Found a large runed translucent door.
 20810 | Gauntlet | Found a large runed translucent door.
 20810 | Gauntlet | Found a large runed translucent door.
 20810 | Gauntlet | Found a runed translucent door.
 20810 | Gauntlet | Found a runed translucent door.
 20811 | Gauntlet | Found a large runed translucent door.
 20812 | Gauntlet | Found a large runed translucent door.
 20814 | Gauntlet | Found a transporter.
 20818 | Gauntlet | Found a transporter.
 20821 | Gauntlet | Found a large runed translucent door.
 20821 | Gauntlet | Found a large runed translucent door.
 20822 | Gauntlet | Found a large runed translucent door.
 20857 | Gauntlet | Found a large runed translucent door.
 20860 | Gauntlet | Found a large runed translucent door.
 20860 | Gauntlet | Found a large runed translucent door.
 20909 | Lair:1   | Learned a level 4 spell: Anguish
 20961 | Lair:1   | Reached skill level 1 in Necromancy
 21166 | Lair:1   | Found a sparkling altar of Nemelex Xobeh.
 21235 | Lair:1   | Bought the ring of Tidoid {rF+ rN+ rCorr Str+2 Stlth+} for
                  | 542 gold pieces
 21350 | Lair:1   | Gained mutation: Your thick and shaggy fur keeps you warm.
                  | (AC +3, rC+) [Felid growth]
 21350 | Lair:1   | Reached XP level 12. HP: 49/56 MP: 23/23
 21674 | Lair:2   | Found a hole to the Spider Nest.
 21895 | Lair:2   | Found an ornate altar of the Wu Jian Council.
 21906 | Lair:2   | Reached skill level 12 in Dodging
 21968 | Lair:2   | Noticed an eight-headed hydra
 21981 | Lair:2   | Killed an eight-headed hydra
 22322 | Lair:2   | Noticed a death yak
 22323 | Lair:2   | Noticed a death yak
 22324 | Lair:2   | Noticed a death yak
 22324 | Lair:2   | Noticed a death yak
 22332 | Lair:2   | Noticed a death yak
 22332 | Lair:2   | Killed a death yak
 22351 | Lair:2   | Killed a death yak
 22355 | Lair:2   | Killed a death yak
 22359 | Lair:2   | Killed a death yak
 22394 | Lair:2   | Killed a death yak
 23035 | Lair:3   | Found a staircase to the Swamp.
 23197 | Lair:3   | Identified the +3 great sword of Midwinter {flame, Fragile
                  | Int+6}
 23564 | Lair:3   | Learned a level 3 spell: Tukima's Dance
 23930 | Lair:3   | Bought the ring of Bodghapo {Will+ Int+7 Dex+5 Slay+3} for
                  | 907 gold pieces
 24182 | Lair:4   | Reached skill level 13 in Dodging
 24186 | Lair:4   | Reached skill level 5 in Necromancy
 24192 | Lair:4   | Reached XP level 13. HP: 60/60 MP: 19/24
 24421 | Lair:4   | Found a staircase to the Slime Pits.
 24689 | Lair:5   | Entered Level 5 of the Lair of Beasts
 24969 | Lair:5   | Reached skill level 10 in Fighting
 24970 | Lair:5   | Reached skill level 10 in Spellcasting
 25497 | Lair:5   | Reached skill level 14 in Dodging
 25949 | Lair:5   | Found a corrupted altar of Lugonu.
 25949 | Lair:5   | Found a one-way gate to the infinite horrors of the Abyss.
 26017 | Lair:5   | Learned a level 7 spell: Dragon Form
 26060 | Lair:5   | Reached skill level 1 in Transmutations
 26400 | Lair:5   | Upgraded the game from 0.29.0-11-gd7f09526c8 to
                  | 0.29.0-13-gc9e81de378
 26543 | Orc:1    | Entered Level 1 of the Orcish Mines
 26626 | Orc:1    | Reached skill level 15 in Dodging
 26773 | Orc:1    | Noticed an orc warlord
 26777 | Orc:1    | Reached XP level 14. HP: 67/67 MP: 13/26
 26785 | Orc:1    | Killed an orc warlord
 26956 | Orc:1    | Noticed Erolcha
 26963 | Orc:1    | Killed Erolcha
 27135 | Orc:2    | Entered Level 2 of the Orcish Mines
 27207 | Orc:2    | Noticed Snorg
 27391 | Orc:1    | Shot with a bolt by an orc warrior
 27392 | Orc:1    | Reached XP level 13. HP: -7/63 MP: 15/25
 27537 | Orc:2    | Noticed Jorgrun
 27559 | Orc:2    | Killed Jorgrun
 27620 | Orc:2    | Killed Snorg
 27621 | Orc:2    | Reached skill level 5 in Transmutations
 28309 | Orc:2    | Noticed an orc warlord
 28329 | Orc:2    | Killed an orc warlord
 28734 | Orc:2    | Found a staircase to the Elven Halls.
 28831 | Orc:2    | Found Jafrar's Magic Scroll Shoppe.
 28842 | Orc:2    | Bought a scroll of amnesia for 60 gold pieces
 28842 | Orc:2    | Bought a scroll of teleportation for 45 gold pieces
 28998 | Orc:2    | Found Ziorhiq's Antique Weapon Boutique.
 29535 | Orc:2    | Noticed an orc warlord
 29637 | Orc:2    | Killed an orc warlord
 29862 | Orc:2    | Found Juoga's Armour Emporium.
 29874 | Orc:2    | Found Qihit's General Store.
 29898 | Orc:2    | Reached skill level 16 in Dodging
 29916 | Orc:2    | Bought 2 scrolls of fear for 120 gold pieces
 29916 | Orc:2    | Bought a potion of curing for 45 gold pieces
 29916 | Orc:2    | Bought a scroll of butterflies for 60 gold pieces
 29916 | Orc:2    | Bought a scroll of teleportation for 45 gold pieces
 30203 | Orc:2    | Bought a scroll of teleportation for 42 gold pieces
 30819 | D:11     | Learned a level 7 spell: Storm Form
 30838 | D:12     | Reached XP level 14. HP: 69/69 MP: 15/26
 31193 | D:12     | Noticed a sphinx
 31209 | D:12     | Noticed a sphinx
 31218 | D:12     | Killed a sphinx
 31219 | D:12     | Killed a sphinx
 31301 | D:12     | Reached skill level 10 in Transmutations
 31477 | D:12     | Identified the +0 ring mail "Uwaugo" {Will- rCorr Int-3
                  | Dex+8}
 31626 | D:12     | Noticed a fire giant
 31652 | D:12     | Killed a fire giant
 32243 | D:13     | Noticed Nessos
 32251 | D:13     | Killed Nessos
 32922 | D:13     | Noticed Rupert
 32934 | D:13     | Killed Rupert
 33341 | D:14     | Found a runed translucent door.
 33341 | D:14     | Noticed Jaliuk's ghost (journeyman DECj)
 33554 | D:14     | Found a gate to the Vaults.
 34592 | D:15     | Entered Level 15 of the Dungeon
 35405 | D:15     | Found a staircase to the Depths.
 35409 | D:15     | Reached XP level 15. HP: 72/72 MP: 20/27
 35888 | Swamp:1  | Entered Level 1 of the Swamp
 36455 | Swamp:1  | Upgraded the game from 0.29.0-13-gc9e81de378 to
                  | 0.29.0-15-g675c0067aa
 36862 | Lair:3   | Killed from afar by a will-o-the-wisp
 36863 | Lair:3   | Reached XP level 14. HP: -9/69 MP: 25/26
 37368 | Lair:3   | Learned a level 6 spell: Statue Form
 37422 | Swamp:1  | Reached skill level 1 in Earth Magic
 37640 | Swamp:1  | Noticed Aizul
 37640 | Swamp:1  | Noticed Nikola
 37665 | Swamp:1  | HP: 4/89 [swamp worm[a spriggan druid] (11)]
 37929 | Lair:3   | Killed Aizul
 38874 | Swamp:1  | Killed from afar by Nikola
 38875 | Swamp:1  | Reached XP level 13. HP: -5/83 MP: 22/25
 38894 | Swamp:1  | Killed from afar by Nikola

Illustrated notes

Levels and vault maps discovered:
D:1:      heliophobic_arrival_battle_scene, layout_basic
D:2:      layout_loops_ring, ebering_ecumenical_altar_rust, basic_altar
D:3:      layout_loops_corners, minmay_pentomino_pile
D:4:      layout_loops_corners, ebering_ghost_sewer_d
D:5:      layout_basic, cheibrodos_sewer_entry_bend
D:6:      layout_loops_cross, nicolae_ru_awakened_eye,
          nicolae_overflow_two_pavilions, minmay_temple_entry_gardened_gates,
          gammafunk_ghost_nasty_kobolds
D:7:      layout_rooms, old_standard_altar, serial_undead, serial_undead_d,
          serial_undead_d, serial_undead_c, serial_undead_c, uniq_maggie
D:8:      layout_gridville, roderic_serpentine_path, chequers_garden,
          grunt_ministairs_4
D:9:      layout_roguey, mainiacjoe_overflow_alcove_4
D:10:     kennysheep_six_static_rooms, layout_rooms
D:11:     layout_big_octagon, david_lair_shrubbed, serial_glass,
          glass_columns_a, glass_columns_a, glass_columns_c, glass_columns_c,
          glass_columns_a, glass_columns_a, glass_columns_b, glass_columns_a,
          glass_columns_a, glass_columns_c, glass_columns_a, glass_columns_a,
          glass_columns_b, glass_columns_b, uniq_sonja, uniq_maurice,
          uniq_harold
D:12:     layout_small_grid, serial_ice, serial_ice_l, serial_ice_a,
          serial_ice_m, serial_ice_d, serial_ice_f, nicolae_rejected_hall
D:13:     layout_gridville, serial_rivers, chequers_serial_rivers_small_b,
          chequers_serial_rivers_micro_a, chequers_serial_rivers_room_b,
          chequers_serial_rivers_micro_b, chequers_serial_rivers_micro_c,
          uniq_rupert, uniq_nessos
D:14:     layout_cave_pods, david_vaults_2, gammafunk_ghost_grave,
          chequers_serial_rivers_small_b, serial_glass, glass_columns_c,
          glass_columns_b, due_unseen_surprise, item_on_display_a,
          minmay_strange_pillars, item_on_display_a
D:15:     hangedman_depths_entry_try_elsewhere_first, layout_loops_ring
Temple:   sentei_temple_godly_chess
Lair:1:   layout_roguey, gauntlet_entry_generic, basic_altar,
          serial_bayou_shore_b, lemuel_fruit_tree, serial_bayou_shore_b,
          grunt_megastairs_3
Lair:2:   layout_regular_city, spider_nest_entry_rubble, basic_altar
Lair:3:   layout_layer_cave, minmay_swamp_entry_worms
Lair:4:   minmay_lair_venomous_thicket, layout_misc_corridors,
          minmay_slime_entry_pillars, patterned_corridor
Lair:5:   hellmonk_lair_end_abyssal_woods, layout_long_grid,
          guppyfry_lair_drakes, serial_bayou_shore_a
Swamp:1:  layout_basic_swamp, evilmike_swamp_ruin_house_1,
          infiniplex_staircase_pool, uniq_nikola, uniq_kirke, uniq_aizul
Orc:1:    layout_caves, uniq_erolcha
Orc:2:    pubby_orc_utopia, uniq_jorgrun, uniq_snorg

Skill      XL: |  1  2  3  4  5  6  7  8  9 10 11 12 13 14 15 |
---------------+----------------------------------------------+-----
Summonings     | 5 6 7 8 9 10 11 12 | 12.5
Spellcasting   | 3 4 6 7 8 9 10 | 10.0
Dodging        | 3 4 5 7 8 10 11 13 16 | 16.1
Hexes          | 1 3 4 5 6 8 |  8.0
Fighting       | 2 3 5 6 7 8 9 12 | 12.1
Air Magic      | 3 4 5 6 8 9 |  9.2
Necromancy     | 2 5 |  5.0
Transmutations | 8 13 | 13.5
Earth Magic    | 2 |  2.8
Stealth        | |  2.6

Action                   |  1- 3 |  4- 6 |  7- 9 | 10-12 | 13-15 || total
-------------------------+-------+-------+-------+-------+-------++-------
Melee: Unarmed           |     2 |     5 |     2 |     4 |    27 ||    40
       Bite              |       |     1 |       |       |     3 ||     4
 Cast: Summon Small Mamm |    30 |     4 |     1 |     4 |       ||    39
       Call Imp          |    38 |    30 |    69 |    61 |    50 ||   248
       Call Canine Famil |     4 |    35 |    93 |    75 |   149 ||   356
       Summon Guardian G |       |     2 |    30 |    65 |    75 ||   172
       Summon Lightning  |       |       |     8 |    76 |   150 ||   234
       Summon Cactus Gia |       |       |       |    15 |   198 ||   213
       Anguish           |       |       |       |     3 |    34 ||    37
       Tukima's Dance    |       |       |       |       |    17 ||    17
       Statue Form       |       |       |       |       |    16 ||    16
       Storm Form        |       |       |       |       |     6 ||     6
Invok: Call Merchant     |       |       |       |     2 |     2 ||     4
Evoke: Wand              |       |       |     4 |     5 |     1 ||    10
  Use: Scroll            |    10 |     2 |     7 |     5 |    10 ||    34
       Potion            |     2 |     6 |     2 |       |     2 ||    12
 Stab: Sleeping          |       |     1 |       |       |       ||     1
       Betrayed ally     |       |       |       |     1 |       ||     1
       Distracted        |       |       |       |       |     1 ||     1
Armor: Skin              |     3 |     5 |     2 |       |    58 ||    68
Dodge: Dodged            |    40 |    35 |    70 |    29 |   473 ||   647
